Workbook

Sheet 入力
A2: 46279 | B2: ← 見積 日付 | F2: 見積の日付は、請求日が、 2～14日は1日、 15～25日は14日、 26～翌1日の納品は避ける
A4: 令和 8 年 9 月 23 日 | B4: ← 納品・請求 日付
A6: ↓書誌名 貼り付け | B6: ↓金額入力
A7: Excel請求テスト書籍A | B7: 1100
A8: Excel請求テスト書籍A | B8: 1100
A9: Excel請求テスト書籍B | B9: 2200

Sheet 見積納品請求
A1: 見積書
F2: =IF(入力!A2<>"",入力!A2,"")
A3: 有明工業高等専門学校 様 | F3: 有限会社 森松尚文堂
F4: 代表取締役 森松 征太郎
F5: 大牟田市上官町2丁目１２の５
F6: TEL 52-2216 FAX 52-1266
F7: 登録番号 T7290002055882
A8: 下記のとおり見積り申し上げます | F8: 福岡銀行 大牟田支店 当座預金 １０３２４ 有限会社森松尚文堂 代表取締役森松征太郎
A10: 税込合計金額 | C10: =IF(H37<>"",H37,"")
A11: 品 名 ［販売日・書名・号・税込定価］ | C11: 数量 | D11: 単位 | E11: 税率 | F11: 本体定価 | G11: 納入単価（税抜） | H11: 納入金額（税込）
A12: 1 | B12: =IF(入力!A7<>"",入力!A7,"") | C12: =IF(B12<>"",1,"") | D12: 冊 | E12: =IF(D12<>"","10％","") | F12: =IF(入力!B7<>"",ROUND(入力!B7/1.1,0),"") | G12: =IF(C12<>"",INT(F12*0.93),"") | H12: =IF(C12<>"",INT(G12*1.1)*C12,"")
A13: 2 | B13: =IF(入力!A8<>"",入力!A8,"") | C13: =IF(B13<>"",1,"") | D13: =IF(C13<>"","〃","") | E13: =IF(D13<>"","10％","") | F13: =IF(入力!B8<>"",ROUND(入力!B8/1.1,0),"") | G13: =IF(C13<>"",INT(F13*0.93),"") | H13: =IF(C13<>"",INT(G13*1.1)*C13,"") | I13: =IF(K21<>"",K21*L21,"")
A14: 3 | B14: =IF(入力!A9<>"",入力!A9,"") | C14: =IF(B14<>"",1,"") | D14: =IF(C14<>"","〃","") | E14: =IF(D14<>"","10％","") | F14: =IF(入力!B9<>"",ROUND(入力!B9/1.1,0),"") | G14: =IF(C14<>"",INT(F14*0.93),"") | H14: =IF(C14<>"",INT(G14*1.1)*C14,"")
A15: 4 | B15: =IF(入力!A10<>"",入力!A10,"") | C15: =IF(B15<>"",1,"") | D15: =IF(C15<>"","〃","") | E15: =IF(D15<>"","10％","") | F15: =IF(入力!B10<>"",ROUND(入力!B10/1.1,0),"") | G15: =IF(C15<>"",INT(F15*0.93),"") | H15: =IF(C15<>"",INT(G15*1.1)*C15,"")
A16: 5 | B16: =IF(入力!A11<>"",入力!A11,"") | C16: =IF(B16<>"",1,"") | D16: =IF(C16<>"","〃","") | E16: =IF(D16<>"","10％","") | F16: =IF(入力!B11<>"",ROUND(入力!B11/1.1,0),"") | G16: =IF(C16<>"",INT(F16*0.93),"") | H16: =IF(C16<>"",INT(G16*1.1)*C16,"")
A17: 6 | B17: =IF(入力!A12<>"",入力!A12,"") | C17: =IF(B17<>"",1,"") | D17: =IF(C17<>"","〃","") | E17: =IF(D17<>"","10％","") | F17: =IF(入力!B12<>"",ROUND(入力!B12/1.1,0),"") | G17: =IF(C17<>"",INT(F17*0.93),"") | H17: =IF(C17<>"",INT(G17*1.1)*C17,"")
A18: 7 | B18: =IF(入力!A13<>"",入力!A13,"") | C18: =IF(B18<>"",1,"") | D18: =IF(C18<>"","〃","") | E18: =IF(D18<>"","10％","") | F18: =IF(入力!B13<>"",ROUND(入力!B13/1.1,0),"") | G18: =IF(C18<>"",INT(F18*0.93),"") | H18: =IF(C18<>"",INT(G18*1.1)*C18,"")
A19: 8 | B19: =IF(入力!A14<>"",入力!A14,"") | C19: =IF(B19<>"",1,"") | D19: =IF(C19<>"","〃","") | E19: =IF(D19<>"","10％","") | F19: =IF(入力!B14<>"",ROUND(入力!B14/1.1,0),"") | G19: =IF(C19<>"",INT(F19*0.93),"") | H19: =IF(C19<>"",INT(G19*1.1)*C19,"")
A20: 9 | B20: =IF(入力!A15<>"",入力!A15,"") | C20: =IF(B20<>"",1,"") | D20: =IF(C20<>"","〃","") | E20: =IF(D20<>"","10％","") | F20: =IF(入力!B15<>"",ROUND(入力!B15/1.1,0),"") | G20: =IF(C20<>"",INT(F20*0.93),"") | H20: =IF(C20<>"",INT(G20*1.1)*C20,"")
A21: 10 | B21: =IF(入力!A16<>"",入力!A16,"") | C21: =IF(B21<>"",1,"") | D21: =IF(C21<>"","〃","") | E21: =IF(D21<>"","10％","") | F21: =IF(入力!B16<>"",ROUND(入力!B16/1.1,0),"") | G21: =IF(C21<>"",INT(F21*0.93),"") | H21: =IF(C21<>"",INT(G21*1.1)*C21,"")
A22: 11 | B22: =IF(入力!A17<>"",入力!A17,"") | C22: =IF(B22<>"",1,"") | D22: =IF(C22<>"","〃","") | E22: =IF(D22<>"","10％","") | F22: =IF(入力!B17<>"",ROUND(入力!B17/1.1,0),"") | G22: =IF(C22<>"",INT(F22*0.93),"") | H22: =IF(C22<>"",INT(G22*1.1)*C22,"")
A23: 12 | B23: =IF(入力!A18<>"",入力!A18,"") | C23: =IF(B23<>"",1,"") | D23: =IF(C23<>"","〃","") | E23: =IF(D23<>"","10％","") | F23: =IF(入力!B18<>"",ROUND(入力!B18/1.1,0),"") | G23: =IF(C23<>"",INT(F23*0.93),"") | H23: =IF(C23<>"",INT(G23*1.1)*C23,"")
A24: 13 | B24: =IF(入力!A19<>"",入力!A19,"") | C24: =IF(B24<>"",1,"") | D24: =IF(C24<>"","〃","") | E24: =IF(D24<>"","10％","") | F24: =IF(入力!B19<>"",ROUND(入力!B19/1.1,0),"") | G24: =IF(C24<>"",INT(F24*0.93),"") | H24: =IF(C24<>"",INT(G24*1.1)*C24,"")
A25: 14 | B25: =IF(入力!A20<>"",入力!A20,"") | C25: =IF(B25<>"",1,"") | D25: =IF(C25<>"","〃","") | E25: =IF(D25<>"","10％","") | F25: =IF(入力!B20<>"",ROUND(入力!B20/1.1,0),"") | G25: =IF(C25<>"",INT(F25*0.93),"") | H25: =IF(C25<>"",INT(G25*1.1)*C25,"")
... A36: 25 | B36: =IF(入力!A31<>"",入力!A31,"") | C36: =IF(B36<>"",1,"") | D36: =IF(C36<>"","〃","") | E36: =IF(D36<>"","10％","") | F36: =IF(入力!B31<>"",ROUND(入力!B31/1.1,0),"") | G36: =IF(C36<>"",INT(F36*0.93),"") | H36: =IF(C36<>"",INT(G36*1.1)*C36,"")
C37: =SUM(C12:C36) | D37: =D12 | E37: 合計 | H37: =SUM(H12:H36)
C38: 税率 区分 | E38: 10％対象 | G38: =SUMIF(E11:E36, 10%, H11:H36) | H38: =G38*10/110
E39: ※ 8％対象 | G39: =SUMIF(E12:E36, 8%, H12:H36) | H39: =G39*10/110
A40: 納品書
F41: =IF(入力!A4<>"",入力!A4,"")
A42: =$A$3 | F42: 有限会社 森松尚文堂
F43: 代表取締役 森松 征太郎
F44: 大牟田市上官町2丁目１２の５
F45: TEL 52-2216 FAX 52-1266
F46: 登録番号 T7290002055882
A47: 下記のとおり納品申し上げます | F47: 福岡銀行 大牟田支店 当座預金 １０３２４ 有限会社森松尚文堂 代表取締役森松征太郎
A49: 税込合計金額 | C49: =C10
A50: 品 名 ［販売日・書名・号・税込定価］ | C50: 数量 | D50: 単位 | E50: 税率 | F50: 本体定価 | G50: 納入単価（税抜） | H50: 納入金額（税込）
A51: 1 | B51: =IF(B12<>"",B12,"") | C51: =IF(C12<>"",C12,"") | D51: 冊 | E51: =IF(D51<>"","10％","") | F51: =IF(F12<>"",F12,"") | G51: =IF(G12<>"",G12,"") | H51: =IF(H12<>"",H12,"")
A52: 2 | B52: =IF(B13<>"",B13,"") | C52: =IF(C13<>"",C13,"") | D52: =IF(C52<>"","〃","") | E52: =IF(D52<>"","10％","") | F52: =IF(F13<>"",F13,"") | G52: =IF(G13<>"",G13,"") | H52: =IF(H13<>"",H13,"") | I52: =IF(K60<>"",K60*L60,"")
A53: 3 | B53: =IF(B14<>"",B14,"") | C53: =IF(C14<>"",C14,"") | D53: =IF(C53<>"","〃","") | E53: =IF(D53<>"","10％","") | F53: =IF(F14<>"",F14,"") | G53: =IF(G14<>"",G14,"") | H53: =IF(H14<>"",H14,"")
A54: 4 | B54: =IF(B15<>"",B15,"") | C54: =IF(C15<>"",C15,"") | D54: =IF(C54<>"","〃","") | E54: =IF(D54<>"","10％","") | F54: =IF(F15<>"",F15,"") | G54: =IF(G15<>"",G15,"") | H54: =IF(H15<>"",H15,"")
A55: 5 | B55: =IF(B16<>"",B16,"") | C55: =IF(C16<>"",C16,"") | D55: =IF(C55<>"","〃","") | E55: =IF(D55<>"","10％","") | F55: =IF(F16<>"",F16,"") | G55: =IF(G16<>"",G16,"") | H55: =IF(H16<>"",H16,"")
A56: 6 | B56: =IF(B17<>"",B17,"") | C56: =IF(C17<>"",C17,"") | D56: =IF(C56<>"","〃","") | E56: =IF(D56<>"","10％","") | F56: =IF(F17<>"",F17,"") | G56: =IF(G17<>"",G17,"") | H56: =IF(H17<>"",H17,"")
A57: 7 | B57: =IF(B18<>"",B18,"") | C57: =IF(C18<>"",C18,"") | D57: =IF(C57<>"","〃","") | E57: =IF(D57<>"","10％","") | F57: =IF(F18<>"",F18,"") | G57: =IF(G18<>"",G18,"") | H57: =IF(H18<>"",H18,"")
A58: 8 | B58: =IF(B19<>"",B19,"") | C58: =IF(C19<>"",C19,"") | D58: =IF(C58<>"","〃","") | E58: =IF(D58<>"","10％","") | F58: =IF(F19<>"",F19,"") | G58: =IF(G19<>"",G19,"") | H58: =IF(H19<>"",H19,"")
A59: 9 | B59: =IF(B20<>"",B20,"") | C59: =IF(C20<>"",C20,"") | D59: =IF(C59<>"","〃","") | E59: =IF(D59<>"","10％","") | F59: =IF(F20<>"",F20,"") | G59: =IF(G20<>"",G20,"") | H59: =IF(H20<>"",H20,"")
A60: 10 | B60: =IF(B21<>"",B21,"") | C60: =IF(C21<>"",C21,"") | D60: =IF(C60<>"","〃","") | E60: =IF(D60<>"","10％","") | F60: =IF(F21<>"",F21,"") | G60: =IF(G21<>"",G21,"") | H60: =IF(H21<>"",H21,"")
A61: 11 | B61: =IF(B22<>"",B22,"") | C61: =IF(C22<>"",C22,"") | D61: =IF(C61<>"","〃","") | E61: =IF(D61<>"","10％","") | F61: =IF(F22<>"",F22,"") | G61: =IF(G22<>"",G22,"") | H61: =IF(H22<>"",H22,"")
A62: 12 | B62: =IF(B23<>"",B23,"") | C62: =IF(C23<>"",C23,"") | D62: =IF(C62<>"","〃","") | E62: =IF(D62<>"","10％","") | F62: =IF(F23<>"",F23,"") | G62: =IF(G23<>"",G23,"") | H62: =IF(H23<>"",H23,"")
A63: 13 | B63: =IF(B24<>"",B24,"") | C63: =IF(C24<>"",C24,"") | D63: =IF(C63<>"","〃","") | E63: =IF(D63<>"","10％","") | F63: =IF(F24<>"",F24,"") | G63: =IF(G24<>"",G24,"") | H63: =IF(H24<>"",H24,"")
A64: 14 | B64: =IF(B25<>"",B25,"") | C64: =IF(C25<>"",C25,"") | D64: =IF(C64<>"","〃","") | E64: =IF(D64<>"","10％","") | F64: =IF(F25<>"",F25,"") | G64: =IF(G25<>"",G25,"") | H64: =IF(H25<>"",H25,"")
... A75: 25 | B75: =IF(B36<>"",B36,"") | C75: =IF(C36<>"",C36,"") | D75: =IF(C75<>"","〃","") | E75: =IF(D75<>"","10％","") | F75: =IF(F36<>"",F36,"") | G75: =IF(G36<>"",G36,"") | H75: =IF(H36<>"",H36,"")
C76: =SUM(C51:C75) | D76: =D51 | E76: 合計 | H76: =SUM(H51:H75)
C77: 税率 区分 | E77: 10％対象 | G77: =SUMIF(E50:E75, 10%, H50:H75) | H77: =G77*10/110
E78: ※ 8％対象 | G78: =SUMIF(E51:E75, 8%, H51:H75) | H78: =G78*10/110
A79: 請求書
F80: =F41
A81: =$A$3 | F81: 有限会社 森松尚文堂
F82: 代表取締役 森松 征太郎
F83: 大牟田市上官町2丁目１２の５
F84: TEL 52-2216 FAX 52-1266
F85: 登録番号 T7290002055882
A86: 下記のとおり請求申し上げます | F86: 福岡銀行 大牟田支店 当座預金 １０３２４ 有限会社森松尚文堂 代表取締役森松征太郎
A88: 税込合計金額 | C88: =IF(H37<>"",H37,"")
A89: 品 名 ［販売日・書名・号・税込定価］ | C89: 数量 | D89: 単位 | E89: 税率 | F89: 本体定価 | G89: 納入単価（税抜） | H89: 納入金額（税込）
A90: 1 | B90: =IF(B51<>"",B51,"") | C90: =IF(C51<>"",C51,"") | D90: 冊 | E90: =IF(D90<>"","10％","") | F90: =IF(F51<>"",F51,"") | G90: =IF(G51<>"",G51,"") | H90: =IF(H51<>"",H51,"")
A91: 2 | B91: =IF(B52<>"",B52,"") | C91: =IF(C52<>"",C52,"") | D91: =IF(C91<>"","〃","") | E91: =IF(D91<>"","10％","") | F91: =IF(F52<>"",F52,"") | G91: =IF(G52<>"",G52,"") | H91: =IF(H52<>"",H52,"") | I91: =IF(K99<>"",K99*L99,"")
A92: 3 | B92: =IF(B53<>"",B53,"") | C92: =IF(C53<>"",C53,"") | D92: =IF(C92<>"","〃","") | E92: =IF(D92<>"","10％","") | F92: =IF(F53<>"",F53,"") | G92: =IF(G53<>"",G53,"") | H92: =IF(H53<>"",H53,"")
A93: 4 | B93: =IF(B54<>"",B54,"") | C93: =IF(C54<>"",C54,"") | D93: =IF(C93<>"","〃","") | E93: =IF(D93<>"","10％","") | F93: =IF(F54<>"",F54,"") | G93: =IF(G54<>"",G54,"") | H93: =IF(H54<>"",H54,"")
A94: 5 | B94: =IF(B55<>"",B55,"") | C94: =IF(C55<>"",C55,"") | D94: =IF(C94<>"","〃","") | E94: =IF(D94<>"","10％","") | F94: =IF(F55<>"",F55,"") | G94: =IF(G55<>"",G55,"") | H94: =IF(H55<>"",H55,"")
A95: 6 | B95: =IF(B56<>"",B56,"") | C95: =IF(C56<>"",C56,"") | D95: =IF(C95<>"","〃","") | E95: =IF(D95<>"","10％","") | F95: =IF(F56<>"",F56,"") | G95: =IF(G56<>"",G56,"") | H95: =IF(H56<>"",H56,"")
A96: 7 | B96: =IF(B57<>"",B57,"") | C96: =IF(C57<>"",C57,"") | D96: =IF(C96<>"","〃","") | E96: =IF(D96<>"","10％","") | F96: =IF(F57<>"",F57,"") | G96: =IF(G57<>"",G57,"") | H96: =IF(H57<>"",H57,"")
A97: 8 | B97: =IF(B58<>"",B58,"") | C97: =IF(C58<>"",C58,"") | D97: =IF(C97<>"","〃","") | E97: =IF(D97<>"","10％","") | F97: =IF(F58<>"",F58,"") | G97: =IF(G58<>"",G58,"") | H97: =IF(H58<>"",H58,"")
A98: 9 | B98: =IF(B59<>"",B59,"") | C98: =IF(C59<>"",C59,"") | D98: =IF(C98<>"","〃","") | E98: =IF(D98<>"","10％","") | F98: =IF(F59<>"",F59,"") | G98: =IF(G59<>"",G59,"") | H98: =IF(H59<>"",H59,"")
A99: 10 | B99: =IF(B60<>"",B60,"") | C99: =IF(C60<>"",C60,"") | D99: =IF(C99<>"","〃","") | E99: =IF(D99<>"","10％","") | F99: =IF(F60<>"",F60,"") | G99: =IF(G60<>"",G60,"") | H99: =IF(H60<>"",H60,"")
A100: 11 | B100: =IF(B61<>"",B61,"") | C100: =IF(C61<>"",C61,"") | D100: =IF(C100<>"","〃","") | E100: =IF(D100<>"","10％","") | F100: =IF(F61<>"",F61,"") | G100: =IF(G61<>"",G61,"") | H100: =IF(H61<>"",H61,"")
A101: 12 | B101: =IF(B62<>"",B62,"") | C101: =IF(C62<>"",C62,"") | D101: =IF(C101<>"","〃","") | E101: =IF(D101<>"","10％","") | F101: =IF(F62<>"",F62,"") | G101: =IF(G62<>"",G62,"") | H101: =IF(H62<>"",H62,"")
A102: 13 | B102: =IF(B63<>"",B63,"") | C102: =IF(C63<>"",C63,"") | D102: =IF(C102<>"","〃","") | E102: =IF(D102<>"","10％","") | F102: =IF(F63<>"",F63,"") | G102: =IF(G63<>"",G63,"") | H102: =IF(H63<>"",H63,"")
A103: 14 | B103: =IF(B64<>"",B64,"") | C103: =IF(C64<>"",C64,"") | D103: =IF(C103<>"","〃","") | E103: =IF(D103<>"","10％","") | F103: =IF(F64<>"",F64,"") | G103: =IF(G64<>"",G64,"") | H103: =IF(H64<>"",H64,"")
... A114: 25 | B114: =IF(B75<>"",B75,"") | C114: =IF(C75<>"",C75,"") | D114: =IF(C114<>"","〃","") | E114: =IF(D114<>"","10％","") | F114: =IF(F75<>"",F75,"") | G114: =IF(G75<>"",G75,"") | H114: =IF(H75<>"",H75,"")
C115: =SUM(C90:C114) | D115: =D90 | E115: 合計 | H115: =SUM(H90:H114)
C116: 税率 区分 | E116: 10％対象 | G116: =SUMIF(E89:E114, 10%, H89:H114) | H116: =G116*10/110
E117: ※ 8％対象 | G117: =SUMIF(E90:E114, 8%, H90:H114) | H117: =G117*10/110
